 Dungeon Crawl Stone Soup version 0.20.1-1-g8b1a95d (webtiles) character file.

68771 papiloppo the Tortoise (level 14, -3/136 HPs)
             Began as a Minotaur Berserker on Nov 22, 2017.
             Was the Champion of Trog.
             Shot with an arrow by Nessos (4 damage)
             ... on level 13 of the Dungeon.
             The game lasted 01:18:55 (24014 turns).

papiloppo the Tortoise (Minotaur Berserker)        Turns: 24014, Time: 01:19:05

Health: -3/136     AC: 28    Str: 26    XL:     14   Next: 87%
Magic:  13/13      EV: 14    Int:  4    God:    Trog [******]
Gold:   894        SH:  0    Dex: 11    Spells: 13/13 levels left

rFire    . . .     SeeInvis +   n - +6 executioner's axe (chop)
rCold    . . .     Gourm    .   (shield currently unavailable)
rNeg     . . .     Faith    .   Q - +1 plate armour
rPois    .         Spirit   .   i - +2 hat {SInv}
rElec    .         Reflect  .   F - +0 cloak
rCorr    .         Harm     .   U - +0 pair of gloves
MR       +....                  h - +0 pair of boots
Stlth    ..........             (no amulet)
Regen    0.4/turn               k - +3 ring of protection
MPRegen  0.2/turn               P - +2 ring of slaying

@: lethally poisoned (-3 -> -52), berserk cooldown, slowed, studying Armour,
drained, very slow
A: retaliatory headbutt, horns 2
a: Berserk, Trog's Hand, Brothers in Arms, Burn Spellbooks, Renounce Religion


You were on level 13 of the Dungeon.
You worshipped Trog.
Trog was exalted by your worship.
You were not hungry.

You visited 2 branches of the dungeon, and saw 19 of its levels.

You collected 1256 gold pieces.
You spent 362 gold pieces at shops.

Inventory:

Hand Weapons
 n - a +6 executioner's axe of chopping (weapon)
 H - a +0 battleaxe of chopping
 R - a +3 antimagic battleaxe
 T - a +2 broad axe of freezing
Armour
 b - +0 acid dragon scales
 h - a +0 pair of boots (worn)
 i - a +2 hat of see invisible (worn)
 F - a +0 cloak (worn)
 Q - a +1 plate armour (worn)
 U - a +0 pair of gloves (worn)
Jewellery
 d - a cursed ring of teleportation {unknown}
 k - a +3 ring of protection (left hand)
 u - a +3 ring of dexterity
 M - an uncursed ring of see invisible {unknown}
 N - an uncursed ring of poison resistance
 P - a +2 ring of slaying (right hand)
 Y - an uncursed ring of protection from cold
Wands
 a - a wand of digging (6/24)
Scrolls
 f - 2 scrolls of magic mapping {unknown}
 j - 3 scrolls of teleportation
 l - 2 scrolls of fear {unknown}
 o - 16 scrolls of identify
 q - a scroll of fog
 w - 6 scrolls of remove curse
 D - 3 scrolls of random uselessness {unknown}
 J - 2 scrolls of blinking {unknown}
 K - 2 scrolls of recharging {unknown}
 L - a scroll of acquirement {unknown}
 W - 2 scrolls of silence {unknown}
 X - a scroll of torment {unknown}
Potions
 g - 3 potions of lignification
 m - 2 potions of invisibility
 p - 7 potions of curing
 s - 4 potions of mutation
 t - 3 potions of might
 v - 4 potions of haste
 z - a potion of ambrosia {unknown}
 B - 5 potions of agility {unknown}
 C - a potion of resistance
 E - 5 potions of brilliance {unknown}
 G - a potion of berserk rage {unknown}
 I - 8 potions of flight {unknown}
 O - 2 potions of cancellation {unknown}
 Z - 3 potions of heal wounds
Books
 e - a manual of
Armour
 S - a book of Debilitation

   Spells                             Type                      Level
   a - Corona                         Hexes                        1
   b - Slow                           Hexes                        2
   c - Inner Flame                    Hexes/Fire                   3
   d - Portal Projectile              Hexes/Translocation          3
   e - Cause Fear                     Hexes                        4
   f - Leda's Liquefaction            Hexes/Earth                  4
   Trog disapproves of the use of such an item.
 V - a book of Maledictions

   Spells                             Type                      Level
   a - Corona                         Hexes                        1
   b - Ensorcelled Hibernation        Hexes/Ice                    2
   c - Confuse                        Hexes                        3
   d - Tukima's Dance                 Hexes                        3
   e - Dazzling Spray                 Conjuration/Hexes            3
   Trog disapproves of the use of such an item.
Comestibles
 r - 5 meat rations
 x - 5 royal jellies
 A - 37 fruits


   Skills:
 + Level 15.7(15.3) Fighting
 + Level 15.5(15.1) Axes
 + Level 15.9(15.5) Armour
 + Level 14.6(14.2) Dodging


You had 13 spell levels left.
You didn't know any spells.

Dungeon Overview and Level Annotations

Branches:
Dungeon (13/15)            Temple (0/1) D:7            Lair (6/6) D:9
 Shoals (0/4) Lair:2       Spider (0/4) Lair:2        Slime (0/5) Lair:5
    Orc (0/2) D:10
 Vaults: D:13-14

Altars:
Ru
Jiyva

Shops:
D:5 ?   D:10 [   D:12 [

Annotations:
D:13 Nessos
Lair:5 1 runed door


Innate Abilities, Weirdness & Mutations

You reflexively headbutt those who attack you in melee.
You have a pair of horns on your head.


Message History

Nessos shoots an arrow.
The arrow closely misses you.
You are no longer berserk.
Trog's vigour flows through your veins.
You are exhausted.
You feel yourself slow down.
* * * LOW HITPOINT WARNING * * *
You feel sick.
* * * LOW HITPOINT WARNING * * *
You feel very sick.
Nessos shoots an arrow.
The arrow hits you.
* * * LOW HITPOINT WARNING * * *
The arrow burns you.
You are more poisoned.
* * * LOW HITPOINT WARNING * * *
Nessos shoots an arrow.
The arrow closely misses you.
Nessos shoots an arrow.
The arrow hits you!
* * * LOW HITPOINT WARNING * * *
The arrow burns you.
You are more poisoned.
You die...

## ######.######.### .#
#..../......#...# .#
#.####.####.#...# .#
#.#.......#.#####. .#
#.#.##.##.#.#..... .#
#######.#.#...#.#.#..... .####
#..##......._...........
.........#.....#.#.#...#.#.#.....
.##......#.....#@#.##.##.#.#.....
.##.....##.....#.#.......#.#####.
.##.....##.....#.####.####.#
.#.............#.c.((......#
.##.....##....#######ยง######
###.....##....### #z((.#
(.(..(..<......... #....#
...(............... #)(..#
.###.(######..##... #...........


You could see Nessos.

Vanquished Creatures
  Gastronok (Lair:3)
  Kirke (Lair:5)
  5 dire elephants (Lair:6)
  Snorg (D:13)
  Josephine (Lair:5)
  Erolcha (D:10)
  A centaur warrior (D:13)
  An anaconda (Lair:6)
  A death knight (D:13)
  2 catoblepae
  10 two-headed ogres
  An ogre mage (D:12)
  6 death yaks
  The ghost of papiloppo the Cleaver, a novice MiBe of Trog (D:7)
  A deep elf mage (D:9)
  A manticore (D:12)
  An oklob plant (Lair:3)
  A cyclops (D:13)
  A merfolk siren (Lair:2)
  3 centaur zombies
  4 black mambas
  4 elephants (Lair:6)
  3 torpor snails
  A kobold demonologist (D:12)
  5 spiny frogs
  7 rime drakes
  The ghost of Vodalian the Skirmisher, a novice GrFi (D:4)
  6 komodo dragons
  3 trolls
  3 meliai (D:12)
  2 polar bears (Lair:1)
  2 hornets
  11 dream sheep (Lair:6)
  13 hippogriffs
  11 slime creatures (D:12)
  A centaur simulacrum (D:13)
  A redback (Lair:2)
  A shadow (D:12)
  4 wraiths (Lair:5)
  3 wyverns
  4 basilisks
  52 yaks
  6 hogs (Lair:5)
  2 soldier ants
  An acid dragon (D:13)
  23 water moccasins
  8 porcupines
  4 orc warriors
  3 ice beasts
  3 sky beasts
  3 black bears
  3 phantoms
  A necrophage (D:6)
  9 ogres
  3 centaurs
  22 wolves
  The ghost of barbarian the Covered, an amateur GrFi (D:3)
  11 crocodiles
  2 big kobolds
  15 bullfrogs
  A gnoll sergeant (D:9)
  2 wyvern skeletons (D:13)
  2 scorpions
  29 killer bees
  3 wights (D:11)
  10 howler monkeys
  5 crimson imps
  A bullfrog zombie (D:6)
  5 hounds
  5 jellies
  4 bullfrog skeletons
  4 centaur skeletons
  4 orc priests
  Jessica (D:2)
  8 iguanas
  13 worker ants
  6 hell rats (Lair:3)
  9 orc wizards
  A killer bee zombie (D:7)
  A hound zombie (D:6)
  2 hound skeletons (D:6)
  2 worker ant zombies
  7 gnolls
  A howler monkey skeleton (D:6)
  13 river rats (Lair:3)
  13 adders
  2 shadow imps
  2 adder zombies
  An adder skeleton (D:5)
  8 worms
  A dart slug (D:2)
  8 leopard geckos
  31 orcs
  2 giant cockroaches
  10 goblins
  10 hobgoblins
  9 jackals
  8 kobolds
  12 quokkas
  A ball python (D:4)
  13 bats
  8 frilled lizards
  A jackal skeleton (D:4)
  A leopard gecko zombie (D:6)
  3 quokka skeletons
  17 rats
  12 fungi
  5 plants
620 creatures vanquished.

Vanquished Creatures (others)
  5 fungi
  20 plants
25 creatures vanquished.

Grand Total: 645 creatures vanquished

Notes
Turn   | Place    | Note
-------+----------+-------------------------------------------
     0 | D:1      | papiloppo the Minotaur Berserker began the quest for the Orb.
     0 | D:1      | Reached XP level 1. HP: 19/19 MP: 0/0
   500 | D:1      | Reached XP level 2. HP: 27/27 MP: 1/1
  1024 | D:2      | Reached XP level 3. HP: 33/33 MP: 2/2
  1508 | D:2      | Noticed Jessica
  1518 | D:2      | Killed Jessica
  1518 | D:2      | Reached XP level 4. HP: 40/40 MP: 3/3
  1533 | D:2      | Reached ** piety under Trog
  2220 | D:3      | Noticed barbarian's ghost (amateur GrFi)
  2241 | D:3      | Killed barbarian's ghost
  2241 | D:3      | Reached skill level 5 in Axes
  2241 | D:3      | Reached XP level 5. HP: 21/47 MP: 4/4
  2470 | D:3      | Reached skill level 5 in Fighting
  3357 | D:4      | Reached *** piety under Trog
  3433 | D:4      | Reached XP level 6. HP: 56/56 MP: 5/5
  4319 | D:4      | Noticed Vodalian's ghost (novice GrFi)
  4332 | D:4      | Killed Vodalian's ghost
  4332 | D:4      | Reached skill level 5 in Armour
  4332 | D:4      | Reached XP level 7. HP: 55/63 MP: 6/6
  4402 | D:4      | Reached skill level 5 in Dodging
  4518 | D:5      | Entered Level 5 of the Dungeon
  4892 | D:5      | Found Ruastoa's Magic Scroll Boutique.
  4902 | D:5      | Bought a scroll of remove curse for 30 gold pieces
  4902 | D:5      | Bought a scroll of enchant weapon for 75 gold pieces
  4902 | D:5      | Bought a scroll of identify for 20 gold pieces
  4902 | D:5      | Bought a scroll of identify for 20 gold pieces
  4937 | D:5      | Reached XP level 8. HP: 71/71 MP: 7/7
  5372 | D:6      | Reached **** piety under Trog
  5949 | D:6      | Reached XP level 9. HP: 75/81 MP: 8/8
  6327 | D:7      | Noticed papiloppo's ghost (novice MiBe)
  7058 | D:7      | Found a staircase to the Ecumenical Temple.
  7152 | D:7      | Killed papiloppo's ghost
  8017 | D:8      | Noticed a two-headed ogre
  8059 | D:7      | Reached XP level 10. HP: 25/91 MP: 9/9
  8329 | D:8      | Killed a two-headed ogre
  8752 | D:8      | Reached skill level 10 in Fighting
  8764 | D:8      | Reached ***** piety under Trog
  8770 | D:8      | Received a gift from Trog
  8772 | D:8      | Reached skill level 10 in Axes
  9551 | D:9      | Noticed a deep elf mage
  9566 | D:9      | Killed a deep elf mage
  9795 | D:9      | Found a staircase to the Lair.
  9859 | D:9      | Reached skill level 10 in Armour
 10111 | D:9      | Reached XP level 11. HP: 99/101 MP: 3/10
 10146 | D:9      | Noticed a two-headed ogre
 10444 | D:9      | Killed a two-headed ogre
 10682 | D:9      | Reached skill level 10 in Dodging
 11105 | D:10     | Entered Level 10 of the Dungeon
 11118 | D:10     | Found a staircase to the Orcish Mines.
 11232 | D:10     | Noticed Erolcha
 11238 | D:10     | Killed Erolcha
 11776 | D:10     | Found Plog's Antique Armour Shoppe.
 11779 | D:10     | Bought a glowing helmet for 217 gold pieces
 12432 | D:11     | Noticed a two-headed ogre
 12439 | D:11     | Killed a two-headed ogre
 12600 | D:12     | Noticed a two-headed ogre
 12600 | D:12     | Noticed a two-headed ogre
 12600 | D:12     | Noticed a two-headed ogre
 12601 | D:12     | Noticed an ogre mage
 12601 | D:12     | Noticed a two-headed ogre
 12602 | D:12     | Noticed a two-headed ogre
 12616 | D:12     | Found Kudox's Antique Armour Shoppe.
 13132 | Lair:1   | Entered Level 1 of the Lair of Beasts
 13142 | Lair:1   | Received a gift from Trog
 13293 | Lair:1   | You fall through a shaft!
 13419 | Lair:2   | Reached XP level 12. HP: 80/112 MP: 3/11
 13863 | Lair:2   | Found a staircase to the Shoals.
 14036 | Lair:2   | Noticed a catoblepas
 14061 | Lair:2   | Killed a catoblepas
 14248 | Lair:2   | Found a hole to the Spider Nest.
 14605 | Lair:3   | Noticed Gastronok
 15021 | Lair:3   | Killed Gastronok
 15279 | Lair:3   | Received a gift from Trog
 16502 | Lair:4   | Noticed a four-headed hydra
 16661 | Lair:5   | Noticed Kirke
 17359 | Lair:5   | Noticed a death yak
 17367 | Lair:5   | Killed a death yak
 17369 | Lair:5   | Reached XP level 13. HP: 122/122 MP: 12/12
 17379 | Lair:5   | Killed Kirke
 17715 | Lair:5   | Found a runed door.
 17715 | Lair:5   | Found a viscous altar of Jiyva.
 17715 | Lair:5   | Found a staircase to the Slime Pits.
 18034 | Lair:5   | Noticed Josephine
 18035 | Lair:5   | Received a gift from Trog
 18042 | Lair:5   | Killed Josephine
 18551 | Lair:6   | Entered Level 6 of the Lair of Beasts
 19969 | Lair:6   | Noticed a dire elephant
 19975 | Lair:6   | Killed a dire elephant
 19997 | Lair:6   | Noticed a dire elephant
 20003 | Lair:6   | Killed a dire elephant
 20290 | Lair:6   | Noticed a dire elephant
 20290 | Lair:6   | Noticed a dire elephant
 20297 | Lair:6   | Killed a dire elephant
 20299 | Lair:6   | Killed a dire elephant
 20299 | Lair:6   | Reached XP level 14. HP: 133/133 MP: 13/13
 21338 | Lair:1   | Reached ****** piety under Trog
 21966 | Lair:1   | Reached skill level 15 in Fighting
 22540 | D:12     | Reached skill level 15 in Armour
 22569 | D:12     | Reached skill level 15 in Axes
 22813 | D:12     | Received a gift from Trog
 23117 | D:13     | Noticed Snorg
 23127 | D:13     | Killed Snorg
 23610 | D:13     | Found a sacrificial altar of Ru.
 23993 | D:13     | Noticed Nessos
 24014 | D:13     | HP: 1/136 [Nessos/arrow (7)]
 24014 | D:13     | Shot with an arrow by Nessos

Skill      XL: |  1  2  3  4  5  6  7  8  9 10 11 12 13 14 |
---------------+-------------------------------------------+-----
Axes           | 4 5 6 7 9 10 12 13 14 15 | 15.5
Fighting       | 4 5 6 7 9 10 12 13 14 15 | 15.7
Armour         | 3 4 5 7 8 10 11 12 14 15 | 15.9
Dodging        | 3 4 5 6 8 9 11 12 13 14 | 14.6

Action                   |  1- 3 |  4- 6 |  7- 9 | 10-12 | 13-15 || total
-------------------------+-------+-------+-------+-------+-------++-------
Melee: Hand axe          |    72 |   110 |       |       |       ||   182
       Headbutt          |    11 |    34 |    54 |   101 |    92 ||   292
       War axe           |       |    42 |   257 |    26 |       ||   325
       Battleaxe         |       |       |       |   312 |       ||   312
       Broad axe         |       |       |       |   119 |       ||   119
       Executioner's axe |       |       |       |    65 |   399 ||   464
Invok: Berserk           |       |       |       |     3 |    10 ||    13
Evoke: Wand              |       |       |       |       |     1 ||     1
  Use: Scroll            |       |       |    16 |     9 |     3 ||    28
  Eat: Chunk             |     2 |     4 |     5 |     9 |     3 ||    23
       Bread ration      |       |     1 |     2 |     5 |     4 ||    12
       Meat ration       |       |       |       |       |     2 ||     2
Armor: Leather armour    |    12 |       |       |       |       ||    12
       Chain mail        |    27 |    78 |   111 |    24 |       ||   240
       Plate armour      |       |       |       |   391 |   343 ||   734
Dodge: Dodged            |    40 |    74 |   152 |   337 |   416 ||  1019
Block: Shield            |       |       |       |    41 |       ||    41
